 Dungeon Crawl Stone Soup version 0.16.1-51-g6203257 (webtiles) character file.

291 kae the Cleaver (level 6, -3/51 HPs)
             Began as a Hill Orc Fighter on Aug 1, 2015.
             Was an Initiate of Beogh.
             Splashed by an orc's acid (7 damage)
             ... on level 4 of the Dungeon.
             The game lasted 00:03:21 (2831 turns).

kae the Cleaver (Hill Orc Fighter)                  Turns: 2831, Time: 00:03:22

Health: -3/51      AC:  6    Str: 21    XL:     6   Next: 32%
Magic:  6/6        EV:  7    Int:  8    God:    Beogh [......]
Gold:   164        SH:  9    Dex: 10    Spells: 0 memorised, 5 levels left

rFire  . . .     SeeInvis .     a - +0 war axe
rCold  . . .     Clarity  .     b - +0 scale mail
rNeg   . . .     SustAb   .     c - +0 shield
rPois  .         Gourm    .     p - +0 helmet
rElec  .         Spirit   .     (no cloak)
rCorr  .         Warding  .     k - +2 pair of gloves
rMut   .         Stasis   .     (no boots)
MR     .....                    (no amulet)
Stlth  ..........               (no ring)
                                n - ring of wizardry

@: corroded equipment, drained, not resistant to hostile enchantments, extremely
unstealthy
A: no striking features
a: Renounce Religion


You were on level 4 of the Dungeon.
You worshipped Beogh.
Beogh was noncommittal.
You were not hungry.

You visited 1 branch of the dungeon, and saw 4 of its levels.

You collected 164 gold pieces.

Inventory:

Hand weapons
 a - a +0 war axe (weapon)
Armour
 b - a +0 scale mail (worn)
 c - a +0 shield (worn)
 k - a +2 pair of gloves (worn)
 p - a +0 helmet (worn)
Jewellery
 n - a ring of wizardry (left hand)
Scrolls
 f - a scroll of noise {unknown}
 h - 2 scrolls of remove curse {unknown}
 o - 3 scrolls of identify {unknown}
 q - a scroll of amnesia {unknown}
 t - a scroll of immolation {unknown}
 x - a scroll of magic mapping {unknown}
 y - a scroll of random uselessness {unknown}
 A - a scroll of enchant armour {unknown}
Potions
 e - a potion of might
 i - a potion of restore abilities {unknown}
 j - 2 potions of flight {unknown}
 l - a potion of haste {unknown}
 r - a potion of cure mutation {unknown}
 s - a potion of brilliance {unknown}
 u - 2 potions of ambrosia {unknown}
 v - 3 potions of curing {unknown}
 w - 2 potions of beneficial mutation {unknown}
 z - a potion of magic {unknown}
 B - a potion of berserk rage {unknown}
Comestibles
 d - a meat ration
 g - 4 fruits
 m - 3 bread rations


   Skills:
 - Level 3.6(3.1) Fighting
 + Level 8.6(8.0) Axes
 - Level 3.2(2.8) Armour
 - Level 3.2(2.8) Shields


You had 5 spell levels left.
You didn't know any spells.

Dungeon Overview and Level Annotations

Branches:
Dungeon (4/15)
 Temple: D:4-7

Altars:
Ru


Message History

The orc priest shouts, "Beogh is our master!
Accept the truth or die!" (press Y on the ability menu to convert to Beogh)
The orc moves out of view.
Unknown command.
Use which ability? (? or * to list)
You bow before the missionary of Beogh.
Unknown command.
Use which ability? (? or * to list)
You bow before the missionary of Beogh.
Beogh welcomes you!
The priest welcomes you and lets you live.
Unknown command.
The orc zaps a rod.
The bolt of negative energy hits you!
You feel drained.
The orc zaps a rod.
The bolt of lightning hits you!
You hit the orc but do no damage.
The orc hits you with a rod of destruction.
The orc zaps a rod.
The bolt of acid hits you!
* * * LOW HITPOINT WARNING * * *
The acid corrodes your equipment!
The acid burns!
You die...

###.#####......#
#
#...#.†).#.>#.#
. ##..#)..##.##
.# #....##.#..#
.###.##.####.#
###.o.##...###.#
........#.....#
#.o###...##..#
#.@###...##..#
#............#
##.###...##.##
#.# ##.###.# #.#
#.# #.# #.# #..
... #.# ......#
#.. ..... ...
....


You could see an orc and a neutral orc priest (wandering).

Vanquished Creatures
  An orc wizard (D:4)
  A worker ant (D:4)
  Jessica (D:3)
  A hound skeleton (D:4)
  Robin (D:3)
  12 adders
  3 worms
  3 giant geckos (D:3)
  An ooze (D:3)
  6 bats
  3 giant cockroaches
  10 hobgoblins
  6 kobolds
  2 ball pythons (D:1)
  2 giant newts
  16 goblins
  7 jackals
  A quokka (D:2)
  8 rats
85 creatures vanquished.

Notes
Turn   | Place    | Note
--------------------------------------------------------------
     0 | D:1      | kae, the Hill Orc Fighter, began the quest for the Orb.
     0 | D:1      | Reached XP level 1. HP: 19/19 MP: 1/1
   271 | D:1      | Reached XP level 2. HP: 24/26 MP: 2/2
   741 | D:1      | Reached skill level 4 in Axes
   946 | D:2      | Reached XP level 3. HP: 15/31 MP: 3/3
  1223 | D:2      | Reached skill level 5 in Axes
  1328 | D:2      | Reached XP level 4. HP: 39/39 MP: 4/4
  1422 | D:2      | Found a sacrificial altar of Ru.
  1589 | D:2      | Reached skill level 6 in Axes
  1841 | D:3      | Noticed Jessica
  1848 | D:3      | Killed Jessica
  1917 | D:3      | Reached XP level 5. HP: 32/45 MP: 5/5
  2187 | D:3      | Reached skill level 7 in Axes
  2417 | D:3      | Noticed Robin
  2430 | D:3      | Killed Robin
  2692 | D:4      | Reached skill level 8 in Axes
  2712 | D:4      | Reached XP level 6. HP: 38/51 MP: 6/6
  2828 | D:4      | Became a worshipper of Beogh the Brigand
  2831 | D:4      | Splashed by an orc's acid

Action                   |  1- 3 |  4- 6 || total
-------------------------+-------+-------++-------
Melee: War axe           |   107 |   169 ||   276
Invok: Convert to Beogh  |       |     1 ||     1
  Eat: Chunk             |     1 |     6 ||     7
